 Dungeon Crawl Stone Soup version 0.20.1-1-g8b1a95d (webtiles) character file.

225 Nidhoragg the Chopper (level 6, -1/56 HPs)
             Began as a Hill Orc Monk on Oct 27, 2017.
             Killed from afar by a white imp (8 damage)
             ... with a puff of frost
             ... summoned by Eustachio
             ... on level 4 of the Dungeon.
             The game lasted 00:19:58 (1810 turns).

Nidhoragg the Chopper (Hill Orc Monk)               Turns: 1810, Time: 00:19:59

Health: -1/56      AC:  7    Str: 17    XL:     6   Next: 1%
Magic:  6/6        EV: 13    Int: 10    God:
Gold:   162        SH:  0    Dex: 15    Spells: 5/5 levels left

rFire    . . .     SeeInvis .   a - +1 hand axe
rCold    . . .     Gourm    .   (no shield)
rNeg     . . .     Faith    .   k - +0 leather armour
rPois    .         Spirit   .   (no helmet)
rElec    .         Reflect  .   d - +2 cloak
rCorr    .         Harm     .   e - +0 pair of gloves
MR       .....                  (no boots)
Stlth    ++........             (no amulet)
Regen    0.2/turn               p - +3 ring of strength
MPRegen  0.1/turn               (no ring)

@: no status effects
A: no striking features
a: no special abilities


You were on level 4 of the Dungeon.
You were very hungry.

You visited 1 branch of the dungeon, and saw 4 of its levels.

You collected 162 gold pieces.

Inventory:

Hand Weapons
 a - a +1 hand axe (weapon)
Armour
 b - a +0 robe
 d - a +2 cloak (worn)
 e - a +0 pair of gloves (worn)
 k - a +0 leather armour (worn)
Jewellery
 p - a +3 ring of strength (left hand)
Scrolls
 f - 2 scrolls of identify
 i - 2 scrolls of remove curse
 j - 3 scrolls of teleportation
Potions
 g - 5 potions of curing
 h - a potion of brilliance {unknown}
 m - a potion of invisibility {unknown}
 n - a potion of magic {unknown}
 o - 2 potions of agility {unknown}
 q - a potion of berserk rage {unknown}
Comestibles
 c - 2 bread rations
 l - a royal jelly


   Skills:
 * Level 5.1 Fighting
 + Level 5.4 Axes
 * Level 1.2 Armour
 * Level 3.8 Dodging
 - Level 1.5 Stealth


You had 5 spell levels left.
You didn't know any spells.

Dungeon Overview and Level Annotations

Branches:
Dungeon (4/15)
 Temple: D:4-7

Altars:

Annotations:
D:4 1 runed door, Eustachio


Message History

The bat hits you but does no damage. The ufetubus closely misses you.
The ufetubus barely misses you. The bat hits you but does no damage.
The bat barely misses you. The bat hits you but does no damage.
The ufetubus misses you. The ufetubus barely misses you.
Eustachio mumbles some strange words.
Eustachio blinks!
The bat barely misses you. The rat bites you but does no damage.
The ufetubus closely misses you.
The ufetubus hits you but does no damage.
The bat barely misses you.
Eustachio gestures wildly while chanting.
Eustachio blinks!
The bat hits you but does no damage. The rat misses you.
The bat hits you but does no damage.
The white imp lashes its tail.
The ufetubus disappears in a puff of smoke!
The bat hits you but does no damage. The white imp gestures at you.
The puff of frost hits you!
You die...

..#.5## #........## ###
.###..###.........## .#
##..............# #
###...........##
#...........# .
##..........## ..
#..........## ...
##.....>...### ....
#....@.....b@## .....
#........5....#......
##.ยง........##).......
#.......rr5###........
#..!.......# #.....)..
####..........#
#........
..#..........##
##.......
....!........# #......
.............# #.....


You could see Eustachio, a river rat, a white imp, a shadow imp, a bat and a
rat.

Vanquished Creatures
  Menkaure (D:4)
  5 adders
  An ooze (D:2)
  A worm (D:2)
  An orc (D:4)
  2 ball pythons
  4 bats
  2 giant cockroaches
  3 goblins
  4 hobgoblins
  4 jackals (D:1)
  6 kobolds
  3 quokkas
  A frilled lizard (D:2)
  15 rats
53 creatures vanquished.

Notes
Turn   | Place    | Note
-------+----------+-------------------------------------------
     0 | D:1      | Nidhoragg the Hill Orc Monk began the quest for the Orb.
     0 | D:1      | Reached XP level 1. HP: 19/19 MP: 1/1
    92 | D:1      | Reached XP level 2. HP: 19/27 MP: 2/2
   470 | D:1      | Reached XP level 3. HP: 32/33 MP: 3/3
  1108 | D:2      | Reached XP level 4. HP: 33/41 MP: 4/4
  1133 | D:3      | Noticed an orc warrior
  1390 | D:3      | Reached skill level 5 in Axes
  1629 | D:4      | Found a runed door.
  1691 | D:4      | Noticed Eustachio
  1771 | D:4      | Noticed Menkaure
  1786 | D:4      | Killed Menkaure
  1786 | D:4      | Reached skill level 5 in Fighting
  1786 | D:4      | Reached skill level 1 in Armour
  1786 | D:4      | Reached XP level 5. HP: 19/48 MP: 5/5
  1786 | D:4      | Reached XP level 6. HP: 23/56 MP: 6/6
  1810 | D:4      | Killed from afar by a white imp

Skill      XL: |  1  2  3  4 |
---------------+-------------+-----
Fighting       | 4 5 |  5.1
Dodging        | 3 |  3.8
Axes           | 5 |  5.4
Armour         | 1 |  1.2
Stealth        | |  1.5

Action                   |  1- 3 |  4- 6 || total
-------------------------+-------+-------++-------
Melee: Hand axe          |   154 |    49 ||   203
       Unarmed           |       |     7 ||     7
  Use: Scroll            |     4 |     1 ||     5
 Stab: Sleeping          |     1 |     2 ||     3
  Eat: Chunk             |     1 |     1 ||     2
Armor: Robe              |    51 |       ||    51
       Leather armour    |    10 |    46 ||    56
Dodge: Dodged            |   106 |    82 ||   188
